 Dungeon Crawl Stone Soup version 0.26-a0-490-gf8362a0c98 (webtiles) character file.

Game seed: 2380857916822497985

47 ANON1729 the Sneak (level 3, -5/31 HPs)
             Began as a Palentonga Delver on Aug 4, 2020.
             Slain by a howler monkey (6 damage)
             ... on level 6 of the Dungeon.
             The game lasted 00:01:09 (629 turns).

ANON1729 the Sneak (Palentonga Delver)               Turns: 629, Time: 00:01:10

Health: -5/31      AC:  4    Str: 16    XL:     3   Next: 48%
Magic:  3/3        EV: 10    Int: 10    God:
Gold:   15         SH:  0    Dex: 11    Spells: 2/2 levels left

rFire    . . .     SeeInvis +   a - +0 falchion
rCold    . . .     Faith    .   (no shield)
rNeg     . . .     Spirit   .   b - +0 leather armour
rPois    .         Reflect  .   (no helmet)
rElec    .         Harm     .   (no cloak)
rCorr    .                      (no gloves)
MR       .....                  (boots restricted)
Stlth    ++........             (no amulet)
HPRegen  0.10/turn              (no ring)
MPRegen  0.08/turn              (no ring)

@: no status effects
A: large, rugged brown scales 3, see invisible, deformed body, roll, armoured
tail
a: Rolling Charge


You were on level 6 of the Dungeon.
You visited 1 branch of the dungeon, and saw 2 of its levels.

You collected 15 gold pieces.

Inventory:

Hand Weapons
 a - a +0 falchion (weapon)
Armour
 b - a +0 leather armour (worn)
Wands
 g - a wand of digging (3)
Scrolls
 c - a scroll of fog
 d - a scroll of magic mapping
 e - a scroll of fear
Potions
 f - 2 potions of degeneration {unknown}


   Skills:
 + Level 3.4 Fighting
 - Level 2.5 Long Blades
 + Level 2.1 Dodging
 + Level 3.6 Stealth


You had 2 spell levels left.
You didn't know any spells.
Your spell library was empty.

Dungeon Overview and Level Annotations

Branches:
Dungeon (6/15)
 Temple: D:4-7

Altars:

Annotations:
D:6 3 runed translucent doors


Innate Abilities, Weirdness & Mutations

You are completely covered in rugged brown scales. (AC +3, +7% HP)
You have supernaturally acute eyesight. (SInv)
Armour fits poorly on your strangely shaped body.
You can roll at foes to attack.
You have a long armoured tail.


Message History

You are too injured to fight recklessly!
You are too injured to fight recklessly!
You hit the howler monkey.
The howler monkey is heavily wounded.
The howler monkey barely misses you.
You riposte.
You barely miss the howler monkey.
The howler monkey is heavily wounded.
You barely miss the howler monkey.
You tail-slap the howler monkey, but do no damage.
The howler monkey is heavily wounded.
The howler monkey hits you.
* * * LOW HITPOINT WARNING * * *
The howler monkey hits you.
* * * LOW HITPOINT WARNING * * *
You hit the howler monkey.
The howler monkey is heavily wounded.
The howler monkey hits you.
* * * LOW HITPOINT WARNING * * *
The howler monkey hits you.
You die...

.#.#..## .....#..#.#.#.#.#.#
.#.#...##a.SS##...#.#.#.#.#.
.....#..######...#.#.#.#.#.#
....(#..............#.....#
.....#.#.#.#.#.#...#.#...#.#
.....#.##.#.#.#.....#.....#
.....#.#.#.#.#.#...#.#
.....#.##.#.#.#.#h#.#..[..#
.....#.#.#.#.#.#@#.#.....#.#
.............########....#
....#...####.# #####
........+ ..# #####...## ###
...÷.....# #####....# #....#
#....#


You could see a howler monkey.

Vanquished Creatures
  A howler monkey (D:5)
  An adder (D:6)
  A leopard gecko (D:6)
  A quokka skeleton (D:6)
4 creatures vanquished.

Notes
Turn   | Place    | Note
-------+----------+-------------------------------------------
     0 | D:5      | ANON1729 the Palentonga Delver began the quest for the Orb.
     0 | D:5      | Reached XP level 1. HP: 19/19 MP: 1/1
     2 | D:5      | Noticed a howler monkey
    12 | D:5      | Noticed an ogre
    13 | D:5      | Killed a howler monkey
    13 | D:5      | Reached XP level 2. HP: 5/25 MP: 2/2
    13 | D:5      | Reached XP level 3. HP: 6/31 MP: 3/3
   581 | D:6      | Found the +9 staff of Olgreb {rPois∞}
   582 | D:6      | Noticed a killer bee
   582 | D:6      | Noticed a killer bee
   582 | D:6      | Noticed a killer bee
   582 | D:6      | Noticed a killer bee
   582 | D:6      | Noticed a killer bee
   582 | D:6      | Noticed a killer bee
   583 | D:6      | Noticed a killer bee
   594 | D:6      | Found a runed translucent door.
   602 | D:6      | Noticed a water moccasin
   602 | D:6      | Noticed a soldier ant
   603 | D:6      | Found a runed translucent gate.
   603 | D:6      | Found a runed translucent gate.
   603 | D:6      | Noticed a soldier ant
   603 | D:6      | Noticed a soldier ant
   628 | D:6      | HP: 1/31 [howler monkey (4)]
   629 | D:6      | Slain by a howler monkey

Illustrated notes

Levels and vault maps discovered:
D:5:      layout_loops_ring, xom_butterflies, minmay_temple_entry_glass,
          trog_hazing_becter
D:6:      lemuel_upstairs_altar, layout_basic, kennysheep_mini_moat,
          eat_drink_and_be_merry_uskayaw, minmay_guarded_unrand_staff_of_olgreb

Skill      XL: |  1 |
---------------+----+-----
Dodging        | 2 |  2.1
Fighting       | |  3.4
Long Blades    | |  2.5
Stealth        | |  3.6

Action                   || total
-------------------------++-------
Melee: Falchion          ||    31
       Tailslap          ||     2
 Abil: Rolling Charge    ||     1
  Use: Potion            ||     1
Armor: Leather armour    ||     6
Dodge: Dodged            ||    13
       Rpst.: Falchion   ||     4

Table legend: (Time is in decaauts)
 A = Elapsed time spent in this place.
 B = Non-inter-level travel time spent in this place.
 C = Inter-level travel time spent in this place.
 D = Time resting spent in this place.
 E = Time spent auto-exploring this place.
 F = Levels seen in this place.
 G = Mean time per level.
                   A        B        C        D        E       F      G
               +--------+--------+--------+--------+--------+-----+--------+
         Total |    615 |    615 |      0 |    498 |     26 |   2 |  307.5 |
       Dungeon |    615 |    615 |      0 |    498 |     26 |   2 |  307.5 |
               +--------+--------+--------+--------+--------+-----+--------+

Top non-repeatable levels by time:
     D:6: 592 daAuts
     D:5: 22 daAuts
